 Dungeon Crawl Stone Soup version 0.25-b1-37-g2669288c55 (webtiles) character file.

Game seed: 5281979122004863780

3374 Froggeryz the Basher (level 10, 0/56 HPs)
             Began as a Gargoyle Fighter on June 4, 2020.
             Was a Priest of Okawaru.
             Slain by a howler monkey (4 damage)
             ... on level 8 of the Dungeon.
             The game lasted 00:10:35 (7424 turns).

Froggeryz the Basher (Gargoyle Fighter)             Turns: 7424, Time: 00:10:36

Health: 0/56       AC: 18    Str: 22 (23) XL:     10   Next: 3%
Magic:  9/10       EV:  7    Int:  7 (9)  God:    Okawaru [***...]
Gold:   233        SH:  5    Dex: 10 (11) Spells: 9/9 levels left

rFire    . . .     SeeInvis .   a - +1 flail
rCold    + . .     Gourm    .   q - +0 buckler
rNeg     + . .     Faith    .   m - +2 chain mail {rC+}
rPois    ∞         Spirit   .   (no helmet)
rElec    +         Reflect  .   (no cloak)
rCorr    .         Harm     .   (no gloves)
MR       .....                  (no boots)
Stlth    ..........             (no amulet)
HPRegen  0.18/turn              (no ring)
MPRegen  0.12/turn              (no ring)

@: no status effects
A: fangs 1, agile 1, negative energy resistance 1, screaming 1, electricity
resistance, unbreathing, evolution 1, petrification resistance, rot immunity, AC
+7
a: Heroism, Renounce Religion


You were on level 8 of the Dungeon.
You worshipped Okawaru.
Okawaru was most pleased with you.
You were not hungry.

You visited 2 branches of the dungeon, and saw 9 of its levels.

You collected 233 gold pieces.

Inventory:

Hand Weapons
 a - a +1 flail (weapon)
Missiles
 o - a throwing net (quivered)
Armour
 c - a +0 kite shield
 m - a +2 chain mail of cold resistance (worn)
 q - a +0 buckler (worn)
Wands
 b - a wand of random effects (9)
Scrolls
 d - a scroll of fog
 e - a scroll of immolation {unknown}
 i - 4 scrolls of teleportation
 j - a scroll of brand weapon {unknown}
 k - 9 scrolls of remove curse
 l - a scroll of blinking {unknown}
 n - a scroll of enchant weapon
 p - 7 scrolls of identify
Comestibles
 f - 10 rations
 g - 3 chunks of flesh


   Skills:
 - Level 3.2 Fighting
 + Level 13.0 Maces & Flails
 - Level 3.2 Armour
 + Level 5.4 Shields


You had 9 spell levels left.
You didn't know any spells.
Your spell library was empty.

Dungeon Overview and Level Annotations

Branches:
Dungeon (8/15)             Temple (1/1) D:6
   Lair: D:8-11

Altars:
Ashenzari
Cheibriados
Dithmenos
Elyvilon
Fedhas
Gozag
Kikubaaqudgha
Makhleb
Okawaru
Qazlal
Ru
Sif Muna
Trog
Uskayaw
Vehumet
Wu Jian
Xom
Yredelemnul
Zin
The Shining One

Shops:
D:7 (

Annotations:
D:7 Quickbrownfox's ghost, novice DsAK


Innate Abilities, Weirdness & Mutations

You are resistant to torment.
Your stone body is resilient. (AC +7)
You are immune to poison.
You resist negative energy. (rN+)
You are resistant to electric shocks. (rElec)
You can survive without breathing.
You are immune to petrification.
You are immune to rotting.
You have very sharp teeth.
You are agile. (Dex +2)
You occasionally shout uncontrollably at your foes.
You evolve.


Message History

* * * LOW HITPOINT WARNING * * *
The adder bites you but does no damage. The howler monkey hits you.
* * * LOW HITPOINT WARNING * * *
The killer bee barely misses you.
Your chain mail prevents you from hitting the killer bee.
Your bite misses the killer bee. The killer bee closely misses you.
The adder barely misses you. You block the howler monkey's attack.
Unknown command.
Unknown command.
Evoke which item? (* to show all) (? for menu, Esc to quit)
Aiming: Random Effects
Press: ? - help, Shift-Dir - straight line, f - howler monkey
Aim: a howler monkey The howler monkey flickers and vanishes!
Deactivating autopickup; reactivate with Ctrl-A.
The killer bee stings you but does no damage.
You block the adder's attack. The killer bee stings you.
* * * LOW HITPOINT WARNING * * *
Something hits you.
You die...

########
#......#######
#.....@#.....#
+....Sy{.....#
#......#.....#
####......#.....#
#.........#....##
#........o#....#
#.........#....#
#....÷....#....#
#...÷.....#....##


You could see an orc warrior, a killer bee and an adder.

Vanquished Creatures
  The ghost of mmigdal the Ruffian, a novice DrTm of Wu Jian (D:6)
  Grinder (D:4)
  A hippogriff (D:8)
  An orc warrior (D:7)
  A sky beast (D:6)
  An ogre (D:7)
  A phantom (D:6)
  2 ice beasts
  5 centaurs
  A big kobold (D:7)
  2 bullfrogs
  A scorpion (D:5)
  6 killer bees
  2 howler monkeys (D:8)
  2 crimson imps
  2 quasits
  2 hounds
  8 orc wizards
  2 orc priests
  Jessica (D:2)
  Terence (D:2)
  Natasha (thrice) (D:3)
  An iguana (D:8)
  3 worker ants
  10 adders
  A shadow imp (D:5)
  2 adder skeletons
  A worm (D:2)
  4 dart slugs
  6 leopard geckos
  22 orcs
  4 giant cockroaches
  5 goblins
  7 hobgoblins
  9 jackals
  4 quokkas
  7 bats
  5 frilled lizards
  A goblin skeleton (D:5)
  A goblin zombie (D:5)
  A hobgoblin zombie (D:5)
  A jackal skeleton (D:4)
  11 kobolds
  2 kobold zombies (D:5)
  2 orc skeletons (D:5)
  3 orc zombies (D:5)
  2 quokka skeletons (D:5)
  4 rats
166 creatures vanquished.

Notes
Turn   | Place    | Note
-------+----------+-------------------------------------------
     0 | D:1      | Froggeryz the Gargoyle Fighter began the quest for the Orb.
     0 | D:1      | Reached XP level 1. HP: 14/14 MP: 1/1
   166 | D:1      | Reached XP level 2. HP: 16/19 MP: 2/2
   276 | D:1      | Reached skill level 3 in Maces & Flails
   502 | D:1      | Reached XP level 3. HP: 23/23 MP: 3/3
  1080 | D:2      | Noticed Terence
  1085 | D:2      | Killed Terence
  1085 | D:2      | Reached skill level 4 in Maces & Flails
  1085 | D:2      | Reached XP level 4. HP: 25/28 MP: 4/4
  1146 | D:2      | Found a shattered altar of Ashenzari.
  1480 | D:2      | Noticed Jessica
  1495 | D:2      | Killed Jessica
  1495 | D:2      | Reached skill level 5 in Maces & Flails
  1681 | D:2      | Found a faded altar of an unknown god.
  1708 | D:2      | Reached XP level 5. HP: 26/32 MP: 5/5
  2152 | D:3      | Noticed Natasha
  2159 | D:3      | Killed Natasha
  2228 | D:3      | Noticed Natasha
  2241 | D:3      | Killed Natasha
  2241 | D:3      | Reached skill level 6 in Maces & Flails
  2307 | D:3      | Noticed Natasha
  2319 | D:3      | Killed Natasha
  2319 | D:3      | Reached XP level 6. HP: 12/37 MP: 6/6
  3091 | D:4      | Noticed a +0 dagger
  3091 | D:4      | Noticed a +0 hand axe
  3092 | D:4      | Found a hide-covered altar of Uskayaw.
  3248 | D:4      | Noticed Grinder
  3252 | D:4      | Paralysed by Grinder for 5 turns
  3259 | D:4      | Paralysed by Grinder for 6 turns
  3270 | D:4      | Paralysed by Grinder for 3 turns
  3285 | D:4      | Killed Grinder
  3285 | D:4      | Reached skill level 7 in Maces & Flails
  3285 | D:4      | Reached XP level 7. HP: 17/41 MP: 7/7
  3658 | D:5      | Entered Level 5 of the Dungeon
  3666 | D:5      | Reached skill level 8 in Maces & Flails
  4062 | D:5      | Found a radiant altar of Vehumet.
  4136 | D:5      | Reached skill level 9 in Maces & Flails
  4136 | D:5      | Reached XP level 8. HP: 42/46 MP: 8/8
  4173 | D:5      | Found an opulent altar of Gozag.
  4173 | D:5      | Found an ornate altar of the Wu Jian Council.
  4528 | D:5      | Found a glowing golden altar of the Shining One.
  4892 | D:6      | Found a staircase to the Ecumenical Temple.
  4905 | Temple   | Entered the Ecumenical Temple
  4915 | Temple   | Became a worshipper of Warmaster Okawaru
  5164 | D:6      | Reached skill level 10 in Maces & Flails
  5317 | D:6      | Gained mutation: You evolve. [potion of mutation]
  5317 | D:6      | Gained mutation: You occasionally shout uncontrollably at
                  | your foes. [potion of mutation]
  5317 | D:6      | Gained mutation: You have very sharp teeth. [potion of
                  | mutation]
  5341 | D:6      | Gained mutation: You are agile. (Dex +2) [evolution]
  5584 | D:6      | Found a runed translucent door.
  5588 | D:6      | Noticed mmigdal's ghost (novice DrTm)
  5594 | D:6      | Reached * piety under Okawaru
  5604 | D:6      | Killed mmigdal's ghost
  5604 | D:6      | Reached ** piety under Okawaru
  5604 | D:6      | Reached skill level 11 in Maces & Flails
  5604 | D:6      | Reached XP level 9. HP: 35/51 MP: 9/9
  5984 | D:7      | Reached skill level 12 in Maces & Flails
  6376 | D:7      | Found a bloodstained altar of Trog.
  6455 | D:7      | Found Wogoisamoa's Weapon Emporium.
  6600 | D:7      | Found a transporter.
  6600 | D:7      | Noticed Quickbrownfox's ghost (novice DsAK)
  6603 | D:7      | Found a transporter.
  6668 | D:7      | HP: 2/51 [big kobold/+0 club (5)]
  7277 | D:7      | Reached *** piety under Okawaru
  7319 | D:8      | Reached skill level 5 in Shields
  7406 | D:8      | Reached XP level 10. HP: 24/56 MP: 7/10
  7412 | D:8      | Reached skill level 13 in Maces & Flails
  7424 | D:8      | Slain by a howler monkey

Illustrated notes

Levels and vault maps discovered:
D:1:      heliophobic_arrival_ceremonial_halls, layout_loops_ring
D:2:      layout_basic, chequers_ecumenical_altar_island, serial_forest,
          infiniplex_forest_clump_large, infiniplex_forest_clump_tiny,
          infiniplex_forest_zigzag_2, infiniplex_forest_straight_1,
          infiniplex_forest_straight_3, evilmike_ruin_ashenzari, uniq_jessica,
          uniq_terence
D:3:      layout_basic, uniq_natasha
D:4:      layout_rooms, dancing_weapons_uskayaw, first_ration, uniq_grinder
D:5:      layout_loops_cross, lemuel_doored_altar, nicolae_tso_besieged_by_evil,
          gammafunk_temple_overflow_elements, minmay_misc_feat_alley,
          minmay_crystal_room
D:6:      layout_basic, minmay_temple_entry_stoned_glass, ebering_ghost_sewer_d
D:7:      layout_loops_ring, kennysheep_mini_moat, gammafunk_ghost_arena,
          serial_shops, nicolae_shop_statue_plus,
          hangedman_abyss_or_decor_stagger
D:8:      layout_gridville, overflow_temple_1_default, basic_altar, the_bakery,
          hangedman_decor_clover_reticule, st_stairs_2, chequers_garden
Temple:   nicolae_temple_god_jail

Skill      XL: |  1  2  3  4  5  6  7  8  9 10 |
---------------+-------------------------------+-----
Maces & Flails | 3 4 5 6 7 9 11 12 13 | 13.0
Shields        | 5 |  5.4
Fighting       | |  3.2
Armour         | |  3.2

Action                   |  1- 3 |  4- 6 |  7- 9 | 10-12 || total
-------------------------+-------+-------+-------+-------++-------
Melee: Flail             |   106 |   198 |   488 |    17 ||   809
       Bite              |       |       |    24 |     2 ||    26
Invok: Heroism           |       |       |     3 |       ||     3
Evoke: Wand              |       |       |     7 |     1 ||     8
  Use: Potion            |     1 |     1 |     6 |       ||     8
       Scroll            |       |       |     5 |       ||     5
  Eat: Chunk             |     1 |     6 |    11 |       ||    18
       Ration            |       |       |     1 |       ||     1
Armor: Scale mail        |    60 |    81 |       |       ||   141
       Chain mail        |       |    29 |   383 |    16 ||   428
Dodge: Dodged            |    53 |    77 |   171 |     8 ||   309
Block: Kite shield       |    61 |    48 |       |       ||   109
       Buckler           |       |    20 |    91 |     6 ||   117
